 Dungeon Crawl Stone Soup version 0.28.0-53-g5a82cb258f (webtiles) character file.

Game seed: 5403263202947124776

1494 safid the Cleaver (level 8, 0/66 HPs)
             Began as a Hill Orc Fighter on July 28, 2022.
             Was an Elder of Okawaru.
             Slain by a sky beast (5 damage)
             ... on level 5 of the Dungeon.
             The game lasted 00:05:34 (4198 turns).

safid the Cleaver (Hill Orc Fighter)                Turns: 4198, Time: 00:05:35

Health: 0/66       AC:  0    Str: 21    XL:     8   Next: 81%
Magic:  8/8        EV:  9    Int:  8    God:    Okawaru [****..]
Gold:   299        SH:  4    Dex: 10    Spells: 7/7 levels left

rFire   . . .      SeeInvis .   j - +8 rapier of Ycesm {vorpal, rC+ Will+}
rCold   + . .      Faith    .   c - +0 buckler
rNeg    . . .      Spirit   .   b - +0 scale mail
rPois   .          Reflect  .   (no helmet)
rElec   .          Harm     .   (no cloak)
rCorr   .          Rampage  .   (no gloves)
Will    +....                   (no boots)
Stlth   ..........              (no amulet)
HPRegen 0.21/turn               (no ring)
MPRegen 0.11/turn               (no ring)

@: corroded
A: no striking features
a: Renounce Religion, Heroism, Finesse


You were on level 5 of the Dungeon.
You worshipped Okawaru.
Okawaru was greatly pleased with you.
You visited 1 branch of the dungeon, and saw 5 of its levels.

You collected 299 gold pieces.

Inventory:

Hand Weapons
 a - a +0 war axe
 j - the +8 rapier of Ycesm (weapon) {vorpal, rC+ Will+}
   (You found it on level 2 of the Dungeon)

   It inflicts extra damage upon your enemies.
   rC:        It protects you from cold.
   Will:      It increases your willpower.
Missiles
 o - 7 poisoned darts (quivered)
 r - 3 silver boomerangs
Armour
 b - a +0 scale mail (worn)
 c - a +0 buckler (worn)
Scrolls
 e - 2 scrolls of teleportation {unknown}
 f - 2 scrolls of enchant armour {unknown}
 g - 2 scrolls of noise {unknown}
 h - a scroll of amnesia {unknown}
 i - a scroll of blinking {unknown}
 k - 2 scrolls of fog {unknown}
 l - a scroll of acquirement {unknown}
 p - a scroll of enchant weapon {unknown}
 q - a scroll of vulnerability {unknown}
 u - a scroll of immolation {unknown}
Potions
 d - a potion of might
 m - a potion of curing {unknown}
 n - 2 potions of resistance {unknown}
 s - a potion of brilliance {unknown}
 t - a potion of degeneration {unknown}


   Skills:
 - Level 4.0 Fighting
 + Level 13.3 Axes
 - Level 4.0 Armour
 - Level 4.0 Shields


You had 7 spell levels left.
You didn't know any spells.
Your spell library contained the following spells:

 Spells                   Type           Power      Damage    Failure   Level
 Apportation              Tloc           0%         N/A       83%         1
 Alistair's Intoxication  Tmut/Pois      0%         N/A       100%        5


Dungeon Overview and Level Annotations

Branches:
Dungeon (5/15)
 Temple: D:4-7

Altars:
Okawaru

Annotations:
D:3 2 transporters, styxcanada's ghost, amateur SpBr


Message History

There are monsters nearby!
You hit the jelly.
You kill the jelly!
Okawaru accepts your kill.
You hit the sky beast.
The sky beast is lightly wounded.
The sky beast hits you. The sky beast shocks you.
* * * LOW HITPOINT WARNING * * *
Unknown command.
The sky beast flickers out of sight!
Deactivating autopickup; reactivate with Ctrl-A.
A sky beast appears from thin air!
Reactivating autopickup.
The sky beast flickers out of sight!
Deactivating autopickup; reactivate with Ctrl-A.
Really walk onto that alarm trap?
Okay, then.
Unknown command.
Something hits you.
* * * LOW HITPOINT WARNING * * *
Something shocks you.
* * * LOW HITPOINT WARNING * * *
A sky beast appears from thin air!
Reactivating autopickup.
You miss the sky beast.
The sky beast is lightly wounded.
The sky beast flickers out of sight!
Deactivating autopickup; reactivate with Ctrl-A.
Something hits you.
* * * LOW HITPOINT WARNING * * *
Something shocks you.
* * * LOW HITPOINT WARNING * * *
A sky beast appears from thin air!
Reactivating autopickup.
The sky beast flickers out of sight!
Deactivating autopickup; reactivate with Ctrl-A.
Something hits you.
* * * LOW HITPOINT WARNING * * *
Something shocks you.
You die...

#..........#.†.#####. #.
#...<).............##. #.
#..........#######.##.####
#..........# .....
#..........# ####...
#..........# .......
#..........# # ##...
#..........# .# #....
#####.#.#@## ##.####^...
#.#.#..#####..##......
####.#......##..##..##...
##....#.......#.#.........
#....................#.###
######............≈....#
#...........##..###
#...............#####
####...........###.#....


There were no monsters in sight!

Vanquished Creatures
  Pikel (D:5)
  Grinder (D:4)
  Menkaure (D:4)
  An orc warrior (D:5)
  An ice beast (D:5)
  An ogre (D:4)
  A lemure (D:4)
  2 water moccasin skeletons (D:4)
  A centaur zombie (D:5)
  A jelly (D:5)
  A hound (D:5)
  Natasha (D:2)
  4 orc wizards
  3 adders
  2 worms (D:3)
  3 dart slugs
  7 orcs
  6 ball pythons
  6 endoplasms
  4 giant cockroaches
  9 goblins
  10 hobgoblins
  2 jackals (D:1)
  6 quokkas
  6 bats
  3 frilled lizards
  7 kobolds
  A quokka skeleton (D:4)
  4 rats (D:1)
96 creatures vanquished.

Vanquished Creatures (others)
  A fungus (D:4)
  3 toadstools (D:4)
4 creatures vanquished.

Grand Total: 100 creatures vanquished

Notes
Turn   | Place    | Note
-------+----------+-------------------------------------------
     0 | D:1      | safid the Hill Orc Fighter began the quest for the Orb.
     0 | D:1      | Reached XP level 1. HP: 19/19 MP: 1/1
    34 | D:1      | Found a faded altar of an unknown god.
    51 | D:1      | Reached XP level 2. HP: 15/27 MP: 2/2
    53 | D:1      | Reached skill level 3 in Axes
    72 | D:1      | Prayed at the altar of an unknown god.
    72 | D:1      | Became a worshipper of Warmaster Okawaru
    72 | D:1      | Reached * piety under Okawaru
   500 | D:1      | Reached XP level 3. HP: 30/33 MP: 3/3
  1031 | D:2      | Identified the +8 rapier of Ycesm {vorpal, rC+ Will+}
  1379 | D:2      | Reached XP level 4. HP: 40/40 MP: 4/4
  1574 | D:2      | Noticed Natasha
  1581 | D:2      | Killed Natasha
  1582 | D:2      | Reached skill level 4 in Axes
  1887 | D:3      | Reached skill level 5 in Axes
  1890 | D:3      | Found a transporter.
  1892 | D:3      | Noticed styxcanada's ghost (amateur SpBr)
  1893 | D:3      | Found a transporter.
  1921 | D:3      | Reached XP level 5. HP: 41/46 MP: 5/5
  2316 | D:4      | Noticed Menkaure
  2324 | D:4      | Killed Menkaure
  2324 | D:4      | Reached ** piety under Okawaru
  2325 | D:4      | Reached skill level 7 in Axes
  2325 | D:4      | Reached XP level 6. HP: 18/52 MP: 6/6
  2826 | D:4      | Reached skill level 8 in Axes
  3096 | D:4      | Noticed Grinder
  3106 | D:4      | Killed Grinder
  3107 | D:4      | Reached skill level 9 in Axes
  3107 | D:4      | Reached XP level 7. HP: 35/59 MP: 7/7
  3266 | D:4      | Reached skill level 10 in Axes
  3645 | D:5      | Entered Level 5 of the Dungeon
  3645 | D:5      | Noticed Pikel
  3741 | D:5      | Killed Pikel
  3741 | D:5      | Reached *** piety under Okawaru
  3742 | D:5      | Reached skill level 12 in Axes
  3742 | D:5      | Reached XP level 8. HP: 46/66 MP: 8/8
  3947 | D:5      | Reached **** piety under Okawaru
  3985 | D:5      | Reached skill level 13 in Axes
  4198 | D:5      | Slain by a sky beast

Illustrated notes

Levels and vault maps discovered:
D:1:      psy_arrival_radial01, layout_loops_ring,
          ebering_ecumenical_altar_mist, chequers_serial_rivers_room_b
D:2:      layout_basic, kennysheep_nondescript, corexii_item_surrounded_by_moat,
          uniq_natasha
D:3:      layout_rooms, gammafunk_ghost_arena, chequers_serial_rivers_micro_c,
          grunt_decor_resistance
D:4:      layout_basic, minmay_gold_behind_fungi, uniq_grinder, uniq_menkaure
D:5:      layout_rooms, minmay_temple_entry_poolview, uniq_duvessa, uniq_pikel

Skill      XL: |  1  2  3  4  5  6  7  8 |
---------------+-------------------------+-----
Axes           | 3 5 7 9 12 13 | 13.3
Fighting       | 4 |  4.0
Shields        | 4 |  4.0
Armour         | 4 |  4.0

Action                   |  1- 3 |  4- 6 |  7- 9 || total
-------------------------+-------+-------+-------++-------
Melee: War axe           |    90 |       |       ||    90
       Rapier            |     9 |    95 |    54 ||   158
Armor: Scale mail        |    59 |    29 |    24 ||   112
Dodge: Dodged            |    57 |    34 |    25 ||   116
Block: Buckler           |    30 |    13 |     8 ||    51
